 Dungeon Crawl Stone Soup version 0.24.1-14-gf8d2b509d9 (webtiles) character file.

Game seed: 13232173054361911979, levelgen mode: deterministic

29696 cstieg1 the Destroyer (level 13, -2/76 HPs)
             Began as a Tengu Fire Elementalist on Apr 12, 2021.
             Was a High Priest of Vehumet.
             Killed from afar by a red draconian (24 damage)
             ... with a searing blast
             ... in a volcano.
             The game lasted 00:49:09 (17053 turns).

cstieg1 the Destroyer (Tengu Fire Elementalist)    Turns: 17053, Time: 00:49:10

Health: -2/76      AC: 10    Str: 11    XL:     13   Next: 46%
Magic:  18/24      EV: 22    Int: 21    God:    Vehumet [*****.]
Gold:   802        SH:  6    Dex: 19    Spells: 6/26 levels left

rFire    . . .     SeeInvis .   r - +5 broad axe of the Madman {chop, *Drain rC+ Str+3 Dex+4}
rCold    + . .     Gourm    .   o - +0 buckler
rNeg     . . .     Faith    .   u - +2 leather armour {rPois}
rPois    +         Spirit   .   (helmet restricted)
rElec    .         Reflect  .   (no cloak)
rCorr    .         Harm     .   X - +1 pair of gloves
MR       .....                  (boots unavailable)
Stlth    ++........             k - amulet of regeneration
HPRegen  0.62/turn              d - +2 ring of protection
MPRegen  0.19/turn              s - ring of wizardry

@: flying quickly and evasively, quick
A: beak, talons 3, able to fly
a: Stop Flying, Renounce Religion


You were in a volcano.
You worshipped Vehumet.
Vehumet was extremely pleased with you.
You were hungry.

You visited 3 branches of the dungeon, and saw 16 of its levels.
You also visited: Ice Cave and Volcano.

You collected 1055 gold pieces.
You spent 253 gold pieces at shops.

Inventory:

Hand Weapons
 a - a +1 demon trident of freezing
 r - the +5 broad axe of the Madman (weapon) {chop, *Drain rC+ Str+3 Dex+4}
   (You found it on level 4 of the Dungeon)

   It inflicts extra damage upon your enemies.
   It affects your strength (+3).
   It affects your dexterity (+4).
   It protects you from cold.
   It causes draining when unequipped.
 M - a +2 dagger of venom
 N - the +4 falchion "Pitihif" {slice, -Tele rN++ Dex+4 SInv, unknown}
   (You found it on level 8 of the Dungeon)

   It inflicts extra damage upon your enemies.
   It affects your dexterity (+4).
   It greatly protects you from negative energy.
   It lets you see invisible.
   It prevents most forms of teleportation.
Missiles
 f - 2 curare-tipped darts
 g - 5 silver javelins
 B - a throwing net
 J - 50 poisoned darts (quivered)
Armour
 o - a +0 buckler (worn)
 u - a +2 leather armour of poison resistance (worn)
 X - a +1 pair of gloves (worn)
Magical Staves
 Y - an uncursed staff of death {unknown}
Jewellery
 d - a +2 ring of protection (left hand)
 k - an amulet of regeneration (around neck)
 m - an uncursed ring of protection from magic
 s - a ring of wizardry (right hand)
 E - an uncursed ring of ice
 G - an uncursed ring of resist corrosion
Wands
 q - a wand of acid (4)
 F - a wand of flame (31)
 I - a wand of disintegration (13)
 U - a wand of digging (2)
 V - a wand of iceblast (15)
 W - a wand of clouds (4)
Scrolls
 e - 8 scrolls of remove curse
 i - 2 scrolls of holy word
 l - 2 scrolls of magic mapping
 p - 3 scrolls of blinking
 t - a scroll of brand weapon {unknown}
 v - a scroll of torment {unknown}
 x - 3 scrolls of amnesia
 y - 2 scrolls of teleportation {unknown}
 A - 2 scrolls of enchant weapon {unknown}
 C - a scroll of silence {unknown}
 D - a scroll of fear
 P - 2 scrolls of fog {unknown}
 R - 2 scrolls of summoning
Potions
 b - a potion of heal wounds
 h - 2 potions of haste
 j - a potion of invisibility
 n - 2 potions of cancellation
 w - a potion of ambrosia
 z - 7 potions of curing
 H - a potion of berserk rage {unknown}
 K - a potion of might
 L - 3 potions of resistance
 O - a potion of brilliance
 Q - 3 potions of mutation
Miscellaneous
 T - a crystal ball of energy
 Z - a lamp of fire
Comestibles
 c - 30 rations


   Skills:
 + Level 7.4 Fighting
 + Level 8.3 Armour
 + Level 8.5 Dodging
 - Level 2.0 Stealth
 - Level 4.0 Shields
 + Level 7.2 Spellcasting
 * Level 13.3 Conjurations
 * Level 11.9 Fire Magic
 + Level 7.0 Evocations


You had 6 spell levels left.
You knew the following spells:

 Your Spells              Type           Power        Failure   Level  Hunger
a - Flame Tongue          Conj/Fire      #####        1%          1    None
b - Conjure Flame         Conj/Fire      ######..     1%          3    None
c - Sticky Flame          Conj/Fire      ######..     1%          4    ###....
d - Fireball              Conj/Fire      ######....   1%          5    #####..
e - Dazzling Spray        Conj/Hex       #####.       1%          3    None
f - Airstrike             Air            #.........   12%         4    ###....

Your spell library contained the following spells:

 Spells                   Type           Power        Failure   Level  Hunger
 Magic Dart               Conj           ####         1%          1    None
 Searing Ray              Conj           ######       1%          2    None
 Throw Flame              Conj/Fire      ######       1%          2    None
 Inner Flame              Hex/Fire       ####....     1%          3    None
 Force Lance              Conj/Tloc      #####...     1%          4    ###....
 Fulminant Prism          Conj/Hex       #####.....   1%          4    ###....
 Iskenderun's Mystic Bla  Conj           ######..     1%          4    ###....
 Corona                   Hex            #......      4%          1    None
 Ensorcelled Hibernation  Hex/Ice        #.....       7%          2    None
 Slow                     Hex            #.......     7%          2    None
 Confuse                  Hex            #.......     13%         3    None
 Portal Projectile        Hex/Tloc       #.....       13%         3    None
 Tukima's Dance           Hex            #.......     13%         3    None
 Cause Fear               Hex            #.........   38%         4    ###....
 Leda's Liquefaction      Hex/Erth       #.........   38%         4    ###....


Dungeon Overview and Level Annotations

Branches:
Dungeon (12/15)            Temple (1/1) D:6            Lair (3/6) D:10
    Orc (0/2) D:9           IceCv (visited)         Volcano (1/1)
  Swamp: Lair:2-4    Shoals: Lair:2-4     Snake: Lair:2-4    Spider: Lair:2-4

Altars:
Ashenzari
Cheibriados
Dithmenos
Elyvilon
Fedhas
Gozag
Hepliaklqana
Kikubaaqudgha
Makhleb
Nemelex Xobeh
Okawaru
Qazlal
Ru
Sif Muna
Trog
Uskayaw
Vehumet
Wu Jian
Xom
Yredelemnul
Zin
The Shining One

Shops:
D:7 !

Annotations:
D:4 3 runed translucent doors, billz999's ghost, amateur DsFi
Lair:3 1 exclusion


Innate Abilities, Weirdness & Mutations

You have a beak for a mouth.
You have claws for feet.
You can fly continuously.


Message History

The red draconian barely misses you.
Casting: Dazzling Spray (safe; 1% risk of failure)
Confirm with . or Enter, or press ? or * to list all spells.
Aiming: Dazzling Spray (safe; 1% risk of failure)
Press: ? - help, Shift-Dir - straight line, f/p - red draconian
Aim: a red draconian, wielding a +1 scimitar of flaming and wearing a +0 cloak (heavily wounded, catching its breath, covered in acid)
The spray of energy hits the red draconian.
The red draconian is heavily wounded.
The red draconian hits you with a +1 scimitar of flaming!
The red draconian burns you.
* * * LOW HITPOINT WARNING * * *
Evoke which item? (* to show all) (? for menu, Esc to quit)
Aiming: Cloud Cone
Press: ? - help, Dir - move target cursor, f/p - red draconian
Aim: a red draconian, wielding a +1 scimitar of flaming and wearing a +0 cloak (heavily wounded, catching its breath, covered in acid)
You create a blast of freezing vapour!
The red draconian is engulfed in freezing vapours.
The red draconian breathes flames at you.
The searing blast hits you!!
You die...

####§#### ##≈≈≈§§§≈##
##≈≈≈§≈≈≈≈≈###
####≈≈§≈≈≈≈≈≈≈§≈###
##≈≈≈≈≈#######≈≈≈≈≈#
##≈≈≈≈###$$!)!###§§§##
#≈§≈§##.#§§.$.#.##≈§≈#
##§≈≈≈#..§§§§§.'..#§§≈##
##≈≈§≈##..§§§§§d@(☼##§§≈#####
#≈≈≈≈§#...#§§§§)#...#§§§§≈§§#
≈§≈§§≈#...#######...#≈≈§≈§°##
§§§§§§#...')$.[!+...#≈§§≈§§#
##≈§≈≈#...#).≈..#...#§≈§≈≈##
##§≈≈#...#8≈≈≈8#...#≈≈§≈##
#≈≈≈§##..'..≈..'..##≈§≈≈#
#§§≈°§#..'.....'..#§≈§§≈#
##§≈§°##.#8).)8#.##≈≈§§##


You could see a red draconian.

Vanquished Creatures
  A reaper (IceCv)
  4 hydras
  3 centaur warriors
  2 two-headed ogres
  A tengu warrior (D:10)
  2 wolf spiders (Lair:1)
  Maurice (D:10)
  An ugly thing (D:11)
  A black mamba (Lair:3)
  2 ice statues (IceCv)
  5 spiny frogs
  A komodo dragon (Lair:3)
  2 hellwings
  A tengu conjurer (D:10)
  8 ice devils (IceCv)
  3 trolls
  A hornet (D:11)
  Prince Ribbit (D:8)
  A meliai zombie (D:8)
  8 dream sheep
  7 hippogriffs
  A wyvern (D:10)
  8 yaks
  A wraith (D:10)
  A basilisk (D:11)
  2 hungry ghosts
  Menkaure (D:6)
  An acid dragon (D:12)
  2 water moccasins (Lair:1)
  5 porcupines
  12 orc warriors
  2 ice beasts
  3 phantoms
  3 black bears
  2 eyes of draining
  A sky beast (D:6)
  3 ogres
  7 centaurs
  3 big kobolds (D:9)
  6 crocodiles
  7 bullfrogs
  2 wyvern zombies
  A wyvern skeleton (D:8)
  3 scorpions
  9 killer bees
  4 howler monkeys
  2 electric eels (D:9)
  4 lava snakes (Lair:3)
  3 crimson imps
  A bullfrog zombie (D:6)
  3 centaur zombies
  7 orc priests
  3 jellies
  2 bullfrog skeletons
  4 centaur skeletons
  3 iguanas
  13 orc wizards
  10 worker ants
  A killer bee zombie (D:6)
  A hound zombie (D:6)
  2 hound skeletons
  A worker ant zombie (D:7)
  15 gnolls
  18 adders
  10 shadow imps
  7 white imps (IceCv)
  3 ufetubi (IceCv)
  An ooze (D:1)
  An adder zombie (D:9)
  2 worms (D:2)
  A dart slug (D:3)
  3 leopard geckos
  37 orcs
  5 bats
  4 giant cockroaches
  2 goblins
  7 hobgoblins
  9 jackals
  7 kobolds
  2 quokkas
  A ball python (D:5)
  A ball python skeleton (D:4)
  6 frilled lizards
  A jackal zombie (D:6)
  2 rats (D:2)
351 creatures vanquished.

Vanquished Creatures (collateral kills)
  A wyvern (D:10)
  A centaur (D:10)
  A bullfrog (D:10)
3 creatures vanquished.

Vanquished Creatures (others)
  A centaur (Volcano)
  4 white imps (IceCv)
  7 ufetubi (IceCv)
  8 fungi
  11 plants
31 creatures vanquished.

Grand Total: 385 creatures vanquished

Notes
Turn   | Place    | Note
-------+----------+-------------------------------------------
     0 | D:1      | cstieg1 the Tengu Fire Elementalist began the quest for the
                  | Orb.
     0 | D:1      | Reached XP level 1. HP: 10/10 MP: 4/4
   253 | D:1      | Reached XP level 2. HP: 15/15 MP: 4/6
   319 | D:1      | Reached skill level 2 in Conjurations
   809 | D:2      | Reached XP level 3. HP: 18/20 MP: 5/7
   956 | D:2      | Learned a level 3 spell: Conjure Flame
  1128 | D:2      | Reached skill level 1 in Armour
  1309 | D:2      | Reached XP level 4. HP: 24/24 MP: 8/8
  1388 | D:2      | Reached skill level 1 in Fighting
  2222 | D:2      | Reached skill level 3 in Conjurations
  2304 | D:2      | Gained mutation: You can fly continuously. [Tengu growth]
  2304 | D:2      | Reached XP level 5. HP: 27/29 MP: 1/9
  2490 | D:3      | Learned a level 4 spell: Sticky Flame
  2947 | D:4      | Got a brightly glowing broad axe
  2948 | D:4      | Identified the +5 broad axe of the Madman {chop, *Drain rC+
                  | Str+3 Dex+4} (You found it on level 4 of the Dungeon)
  2961 | D:4      | Noticed a phantom
  2984 | D:4      | Killed a phantom
  2984 | D:4      | Reached skill level 4 in Conjurations
  2984 | D:4      | Reached XP level 6. HP: 12/35 MP: 2/11
  3393 | D:4      | Found a bloodstained altar of Trog.
  3617 | D:4      | Noticed an eye of draining
  3737 | D:4      | Found a runed translucent gate.
  3737 | D:4      | Found a runed translucent gate.
  3737 | D:4      | Found a runed translucent gate.
  3738 | D:4      | Noticed billz999's ghost (amateur DsFi)
  3797 | D:4      | Killed an eye of draining
  3797 | D:4      | Reached skill level 5 in Fire Magic
  3965 | D:5      | Entered Level 5 of the Dungeon
  4037 | D:5      | Reached XP level 7. HP: 40/40 MP: 3/12
  4124 | D:5      | Reached skill level 5 in Conjurations
  4183 | D:5      | Found a white marble altar of Elyvilon.
  4461 | D:6      | Reached skill level 1 in Evocations
  4733 | D:6      | Reached XP level 8. HP: 37/45 MP: 4/13
  5017 | D:6      | Reached skill level 6 in Conjurations
  5066 | D:6      | Found a staircase to the Ecumenical Temple.
  5074 | Temple   | Entered the Ecumenical Temple
  5200 | Temple   | Became a worshipper of Vehumet
  5242 | D:6      | Noticed Menkaure
  5247 | D:6      | Killed Menkaure
  5732 | D:7      | Found a glowing silver altar of Zin.
  5732 | D:7      | Found a snail-covered altar of Cheibriados.
  6064 | D:7      | Reached skill level 7 in Conjurations
  6064 | D:7      | Reached XP level 9. HP: 51/51 MP: 0/15
  6264 | D:7      | Found Cohyatam's Distillery.
  6431 | D:7      | Bought a potion of degeneration for 11 gold pieces
  6431 | D:7      | Bought a potion of might for 44 gold pieces
  6431 | D:7      | Bought a potion of cancellation for 88 gold pieces
  6431 | D:7      | Bought a potion of resistance for 110 gold pieces
  6460 | D:7      | Reached * piety under Vehumet
  6460 | D:7      | Offered knowledge of Sting by Vehumet.
  6737 | D:7      | Reached skill level 5 in Dodging
  7099 | D:8      | Noticed Prince Ribbit
  7104 | D:8      | Killed Prince Ribbit
  7104 | D:8      | Reached skill level 8 in Conjurations
  7295 | D:8      | Reached skill level 5 in Armour
  7295 | D:8      | Reached XP level 10. HP: 18/58 MP: 10/18
  7635 | D:7      | Reached skill level 9 in Conjurations
  7822 | D:8      | Found an ornate altar of the Wu Jian Council.
  7882 | D:8      | Offered knowledge of Magic Dart by Vehumet.
  8098 | D:8      | Got an encrusted falchion
  8325 | D:9      | Reached ** piety under Vehumet
  8345 | D:9      | Reached skill level 5 in Spellcasting
  8532 | D:9      | Reached skill level 5 in Fighting
  8847 | D:9      | Noticed a two-headed ogre
  8863 | D:9      | Killed a two-headed ogre
  8863 | D:9      | Reached skill level 10 in Conjurations
  9006 | D:9      | Found a blossoming altar of Fedhas.
  9108 | D:9      | Offered knowledge of Ignite Poison by Vehumet.
  9115 | D:9      | Learned a level 5 spell: Fireball
  9119 | D:9      | Learned a level 3 spell: Dazzling Spray
  9193 | D:9      | Reached XP level 11. HP: 60/64 MP: 6/20
  9324 | D:9      | Reached *** piety under Vehumet
  9391 | D:9      | Reached skill level 5 in Evocations
  9461 | D:9      | Noticed a two-headed hydra
  9466 | D:9      | Killed a two-headed hydra
  9680 | D:9      | Found a staircase to the Orcish Mines.
  9797 | D:10     | Entered Level 10 of the Dungeon
  9868 | D:10     | Offered knowledge of Force Lance by Vehumet.
 10252 | D:10     | Noticed Maurice
 10268 | D:10     | Killed Maurice
 10306 | D:10     | Noticed a two-headed ogre
 10345 | D:10     | Killed a two-headed ogre
 10345 | D:10     | Reached skill level 11 in Conjurations
 10345 | D:10     | Reached skill level 10 in Fire Magic
 10459 | D:10     | Found a staircase to the Lair.
 10579 | D:10     | Noticed a tengu warrior
 10591 | D:10     | Killed a tengu warrior
 10591 | D:10     | Reached skill level 1 in Shields
 10953 | D:10     | Reached **** piety under Vehumet
 10984 | D:10     | Noticed a centaur warrior
 10990 | D:10     | Killed a centaur warrior
 11274 | D:11     | Reached XP level 12. HP: 70/70 MP: 16/22
 11324 | D:11     | Offered knowledge of Irradiate by Vehumet.
 11492 | D:11     | Noticed a centaur warrior
 11908 | D:11     | Killed a centaur warrior
 12120 | D:11     | Paralysed by a hornet for 2 turns
 13139 | Lair:1   | Entered Level 1 of the Lair of Beasts
 13209 | Lair:1   | Reached skill level 12 in Conjurations
 13252 | Lair:1   | Found a frozen archway.
 13345 | IceCv    | Entered an ice cave
 13877 | IceCv    | Reached ***** piety under Vehumet
 13965 | IceCv    | Offered knowledge of Airstrike by Vehumet.
 13977 | IceCv    | Learned a level 4 spell: Airstrike
 14085 | IceCv    | Noticed a reaper
 14249 | IceCv    | Killed a reaper
 14475 | Lair:1   | Noticed a four-headed hydra
 14480 | Lair:1   | Killed a four-headed hydra
 14676 | Lair:1   | Reached XP level 13. HP: 74/76 MP: 20/24
 15273 | Lair:2   | Reached skill level 13 in Conjurations
 16782 | Lair:3   | Found a dark tunnel.
 16794 | Volcano  | Entered a volcano
 16835 | Volcano  | Found a burning altar of Makhleb.
 16835 | Volcano  | Noticed a red draconian
 17053 | Volcano  | Killed from afar by a red draconian

Levels and vault maps discovered:
D:1:      scummos_arrival_checkerplants, layout_rooms, due_unseen_surprise
D:2:      layout_basic, first_ration, minmay_misc_feat_encased,
          minmay_strange_pillars, minmay_unequal
D:3:      layout_basic, ebering_dispersal_statue_hall
D:4:      layout_rooms, trog_eyes_of_draining, gammafunk_ghost_necromancy
D:5:      layout_rooms, nicolae_overflow_crystal_walls
D:6:      layout_rooms, minmay_temple_entry_purple_smoke, uniq_menkaure
D:7:      layout_cave_pools, chequers_temple_overflow_statue_of_worship,
          serial_shops, shop_fountains, serial_park, serial_park_tiny_2,
          serial_park_paths [serial_park_minivault_5x5_5], amethyst_killhole
D:8:      cheibrodos_grave_circle, layout_loops_ring, kennysheep_mini,
          uniq_prince_ribbit1
D:9:      layout_rooms, lemuel_crystal_altar, erik_orc_2, hangedman_ranch
          [blue_anna_fruit_fields]
D:10:     layout_basic, grunt_lair_entry_orc_guard_hut, kennysheep_small_square,
          uniq_maurice
D:11:     layout_basic, minmay_bent
D:12:     layout_basic, basic_altar, item_on_display_b
Temple:   nicolae_temple_elliptical
Lair:1:   minmay_lair_venomous_thicket, layout_chaotic_city,
          portal_ice_cave_entry_pillars_2
Lair:2:   layout_regular_city
Lair:3:   cheibrodos_magma_flow, layout_long_grid,
          nicolae_volcano_entry_two_sided, minmay_lair_oklob_chamber
Volcano:  kennysheep_volcano_temple

Skill      XL: |  1  2  3  4  5  6  7  8  9 10 11 12 13 |
---------------+----------------------------------------+-----
Conjurations   | 2 3 4 5 7 8 10 11 12 13 | 13.3
Armour         | 1 2 3 5 6 7 8 |  8.3
Fighting       | 1 2 3 4 5 6 7 |  7.4
Fire Magic     | 4 5 6 8 9 10 11 | 11.9
Dodging        | 3 4 5 6 7 8 |  8.5
Spellcasting   | 3 4 5 6 7 |  7.2
Evocations     | 1 2 3 4 5 6 7 |  7.0
Shields        | 2 4 |  4.0
Stealth        | |  2.0

Action                   |  1- 3 |  4- 6 |  7- 9 | 10-12 | 13-15 || total
-------------------------+-------+-------+-------+-------+-------++-------
Melee: Unarmed           |    15 |       |       |       |       ||    15
       Kick              |     6 |    18 |    14 |    39 |     8 ||    85
       Whip              |     7 |    10 |       |       |       ||    17
       Dagger            |       |    30 |       |       |       ||    30
       Peck              |       |     8 |     8 |    26 |     7 ||    49
       Broad axe         |       |    22 |    76 |   130 |    36 ||   264
Throw: Dart              |     2 |       |       |    39 |       ||    41
       Boomerang         |       |     2 |     3 |     3 |       ||     8
 Cast: Flame Tongue      |    47 |    66 |   130 |   370 |    44 ||   657
       Conjure Flame     |     2 |     1 |     6 |    25 |     1 ||    35
       Sticky Flame      |       |       |     9 |    58 |    23 ||    90
       Fireball          |       |       |       |    26 |    15 ||    41
       Dazzling Spray    |       |       |       |     3 |    11 ||    14
 Abil: Fly               |       |     1 |       |       |       ||     1
Evoke: Wand              |       |       |     1 |     5 |     5 ||    11
  Use: Scroll            |       |     4 |     1 |    11 |     2 ||    18
       Potion            |       |       |       |     1 |       ||     1
 Stab: Sleeping          |     3 |     1 |     4 |     3 |       ||    11
       Distracted        |       |       |     1 |       |       ||     1
       Invisible         |       |       |       |       |     1 ||     1
  Eat: Chunk             |     2 |     5 |    12 |    32 |     9 ||    60
       Ration            |       |     1 |       |     2 |     1 ||     4
Armor: Robe              |    17 |     7 |       |       |       ||    24
       Leather armour    |       |     5 |    32 |    57 |    17 ||   111
Dodge: Dodged            |    31 |    66 |   175 |   298 |    73 ||   643
Block: Buckler           |       |       |       |    19 |    19 ||    38
